 Dungeon Sprint DCSS version 0.17.2-1-ge4368a0 (webtiles) character file.

60744 hexophile the Slayer (level 15, -8/150 HPs)
             Began as a Formicid Fighter on Oct 15, 2016.
             Was the Champion of Makhleb.
             Killed by the air
             ... invoked by Gastronok
              (11 damage)
             ... in the Dungeon (Sprint V: "Ziggurat Sprint").
             The game lasted 00:08:41 (1454 turns).

hexophile the Slayer (Formicid Fighter)             Turns: 1454, Time: 00:08:41

Health: -8/150     AC: 26    Str: 45    XL:     15   Next: 39%
Magic:  10/21      EV:  8    Int:  7    God:    Makhleb [******]
Gold:   0          SH: 36    Dex: 16    Spells: 0 memorised, 14 levels left

rFire  + + .     SeeInvis +     M - +9 executioner's axe (vamp)
rCold  + + .     Clarity  .     G - +9 gold dragon armour {rC+ rF+ rPois}
rNeg   + . .     SustAt   .     J - +18 shield of the gong {rElec rN+ MR+ EV-5}
rPois  +         Gourm    .     (helmet unavailable)
rElec  +         Spirit   .     (no cloak)
rCorr  +         Warding  .     Q - +2 pair of gloves {Dex+3} {Dex+3}
rMut   +         Stasis   +     (no boots)
MR     ++...                    N - amulet of resist mutation {rMut}
Stlth  ..........               D - +6 ring of strength
                                E - +6 ring of strength

@: mighty, agile, resistant, weakened, corroded equipment, drained, very
resistant to hostile enchantments, extremely unstealthy
A: permanent stasis, dig shafts and tunnels, four strong arms, antennae 3,
clumsy 1
a: Dig, Minor Destruction, Lesser Servant of Makhleb, Major Destruction, Greater
Servant of Makhleb, Renounce Religion


You were in the Dungeon.
You worshipped Makhleb.
Makhleb was exalted by your worship.
You were very full.

You visited 1 branch


Innate Abilities, Weirdness & Mutations

You are under a permanent stasis effect.
You can dig through walls and to a lower floor.
Your four strong arms can wield two-handed weapons with a shield.
You have a pair of large antennae on your head (SInv).
You are clumsy. (Dex -2)

Inventory:

Hand Weapons
 M - a +9 vampiric executioner's axe (weapon)
Missiles
 F - a throwing net (quivered) {+f}
Armour
 G - a +9 gold dragon armour (worn) {rC+ rF+ rPois}
 J - the +18 shield of the gong (worn) {rElec rN+ MR+ EV-5}
   (You found it in the Dungeon)

   It affects your evasion (-5).
   It insulates you from electricity.
   It protects you from negative energy.
   It affects your resistance to hostile enchantments.
 Q - a +2 pair of gloves of dexterity (worn) {Dex+3}
Jewellery
 C - the brooch of Shielding {Ward rN+ AC+4 EV+4}
   (You found it in the Dungeon)

   [amulet of warding]

   It may prevent the melee attacks of summoned creatures.
   It affects your AC (+4).
   It affects your evasion (+4).
   It protects you from negative energy.
 D - a +6 ring of strength (right hand)
 E - a +6 ring of strength (left hand)
 H - an uncursed amulet of regeneration {+Regen}
 L - the ring "Koshynia" {+Blink AC+1 Str-2 Dex+8 Slay+3}
   (You took it off a red draconian in the Dungeon)

   [ring of protection]

   It affects your AC (+1).
   It affects your strength (-2).
   It affects your dexterity (+8).
   It affects your accuracy and damage with ranged weapons and melee attacks
   (+3).
   It lets you blink.
 N - an amulet of resist mutation (around neck) {rMut}
Wands
 c - a wand of disintegration (7)
 z - a wand of fire (5)
 A - a wand of cold (5)
 B - a wand of draining (3)
Scrolls
 b - a scroll of brand weapon
 k - 4 scrolls of blinking
 p - 4 scrolls of recharging
 q - 8 scrolls of fog
 s - a scroll of holy word
 t - 5 scrolls of identify
 u - 5 scrolls of remove curse
 y - 2 scrolls of fear
Potions
 d - 7 potions of might {Str+5 DMG+1d10}
 e - 2 potions of brilliance {Archmagi Int+5 Wiz++}
 g - 10 potions of heal wounds
 h - 6 potions of haste
 i - 7 potions of magic
 j - 3 potions of berserk rage
 l - 2 potions of invisibility
 m - 3 potions of resistance {rF+ rC+ rPois rElec rCorr}
 n - 10 potions of curing
 o - 4 potions of agility {Stlth+ Dex+5 EV+5}
Miscellaneous
 a - a sack of spiders
 f - a fan of gales
 v - a disc of storms
 I - a lamp of fire
 K - a box of beasts
 O - a phial of floods
Comestibles
 r - 2 bread rations
 w - 42 fruits
 x - 4 meat rations
 P - 3 royal jellies


You had 14 spell levels left.
You didn't know any spells.


   Skills:
 * Level 23.5(23.4) Fighting
 * Level 22.6(22.5) Axes
 + Level 17.6(17.5) Armour
 + Level 19.0 Shields
 * Level 8.8(8.7) Evocations

Dungeon Overview and Level Annotations

Branches:
Dungeon (1/1)

Altars:
Ashenzari
Cheibriados
Dithmenos
Elyvilon
Fedhas
Gozag
Kikubaaqudgha
Makhleb
Nemelex Xobeh
Okawaru
Qazlal
Ru
Sif Muna
Trog
Vehumet
Xom
Yredelemnul
Zin
The Shining One
Beogh
Jiyva
Lugonu

Annotations:
D Antaeus, Azrael, Blork the orc, Donald, Gastronok, Gloorx Vloq, Grinder, Ijyb, Joseph, Kirke, Mara, Murray, Nessos, Psyche, Serpent of Hell, the iron giant

Vault maps used:
D:        sprint_v
You       could see Antaeus, Gloorx Vloq, the
Serpent   of Hell, the iron giant, Murray, Gastronok, Kirke (invisible), 3 iron
          elementals, a storm dragon, 2 acid blobs, an ice dragon, Azrael,
          Donald, 2 azure jellies, Nessos, Joseph, a shadow wraith (invisible),
          7 death oozes, a spectral bat, Grinder, Psyche, 2 harpies, 2 hungry
          ghosts, a vampire, Blork the orc (invisible), Ijyb, a flying skull, a
          mummy and a wight.


Message History

Unknown command.
Unknown command.
You closely miss the Serpent of Hell.
The Serpent of Hell is heavily wounded.
You hit the storm dragon.
The storm dragon is almost dead.
You slash Wiglaf!
You feel better.
You kill Wiglaf!
Makhleb accepts your kill.
You feel better.
You slash the acid blob!
You feel better.
Your hands burn!
* * * LOW HITPOINT WARNING * * *
The acid blob is heavily wounded.
You completely miss the death ooze.
The death ooze is lightly damaged.
You hit the iron giant but do no damage.
The iron giant is almost dead.
You slash the death ooze!
The death ooze is moderately damaged.
You slash the death ooze!
The death ooze is lightly damaged.
Nessos zaps a wand.
Nothing appears to happen.
The Serpent of Hell bites you but does no damage.
The Serpent of Hell bites you.
* * * LOW HITPOINT WARNING * * *
You are engulfed in flames!
You resist.
* * * LOW HITPOINT WARNING * * *
You feel as though you will be weak longer.
You block the Serpent of Hell's attack.
PANG!
You block the Serpent of Hell's attack.
GONNNNG!
You block the Serpent of Hell's attack.
BONNNG!
The death ooze hits you but does no damage.
The death ooze closely misses you.
You hear a slurping noise.
The death ooze closely misses you. The death ooze hits you.
* * * LOW HITPOINT WARNING * * *
The storm dragon bites you!
* * * LOW HITPOINT WARNING * * *
You partially resist.
You feel drained. The storm dragon claws you.
* * * LOW HITPOINT WARNING * * *
You feel your power leaking away. The storm dragon barely misses you.
Nessos blinks!
Kirke says, "Can we stop fighting?
I have some good wine for you..." The death ooze closely misses you.
The death ooze hits you!
* * * LOW HITPOINT WARNING * * *
Gastronok waves his eye-stalks in wide circles.
The air twists around and strikes you!
You die...

Action                   |  1- 3 |  4- 6 |  7- 9 | 10-12 | 13-15 || total
-------------------------+-------+-------+-------+-------+-------++-------
Melee: Executioner's axe |     2 |     9 |     8 |   126 |   116 ||   261
Evoke: Wand              |       |       |       |       |     2 ||     2
  Use: Potion            |     1 |       |       |     2 |     3 ||     6
       Scroll            |       |       |       |     2 |    10 ||    12
  Eat: Bread ration      |       |       |       |       |     3 ||     3

Notes
Turn   | Place    | Note
--------------------------------------------------------------
     0 | D        | hexophile the Formicid Fighter began the quest for the Orb.
     0 | D        | Reached XP level 1. HP: 18/18 MP: 1/1
     1 | D        | Found a viscous altar of Jiyva.
     1 | D        | Found a roughly hewn altar of Beogh.
     1 | D        | Found a corrupted altar of Lugonu.
     1 | D        | Found a white marble altar of Elyvilon.
     1 | D        | Found a sparkling altar of Nemelex Xobeh.
     3 | D        | Found a burning altar of Makhleb.
     3 | D        | Found an iron altar of Okawaru.
     3 | D        | Found a deep blue altar of Sif Muna.
     3 | D        | Found a radiant altar of Vehumet.
     3 | D        | Found a bloodstained altar of Trog.
     3 | D        | Found a shimmering altar of Xom.
    41 | D        | Became a worshipper of Makhleb the Destroyer
    84 | D        | Reached skill level 7 in Axes
    84 | D        | Reached XP level 2. HP: 24/24 MP: 2/2
    93 | D        | Entered arena 1.
   188 | D        | Entered arena 2.
   188 | D        | Noticed a water moccasin
   188 | D        | Noticed a water moccasin
   190 | D        | Killed a water moccasin
   190 | D        | Reached * piety under Makhleb
   190 | D        | Reached skill level 6 in Fighting
   190 | D        | Reached skill level 9 in Axes
   190 | D        | Reached skill level 4 in Armour
   190 | D        | Reached skill level 5 in Shields
   190 | D        | Reached XP level 3. HP: 27/34 MP: 3/3
   190 | D        | Reached XP level 4. HP: 31/40 MP: 4/4
   190 | D        | Reached XP level 5. HP: 35/46 MP: 5/5
   195 | D        | Killed a water moccasin
   195 | D        | Reached skill level 7 in Fighting
   195 | D        | Reached skill level 5 in Armour
   195 | D        | Reached skill level 6 in Shields
   195 | D        | Reached XP level 6. HP: 44/55 MP: 6/6
   255 | D        | Entered arena 3.
   255 | D        | Noticed an ironheart preserver
   255 | D        | Noticed an orc knight
   255 | D        | Noticed a salamander
   255 | D        | Noticed a cyclops
   261 | D        | Killed an ironheart preserver
   261 | D        | Reached ** piety under Makhleb
   261 | D        | Reached skill level 11 in Fighting
   261 | D        | Reached skill level 12 in Axes
   261 | D        | Reached skill level 8 in Armour
   261 | D        | Reached skill level 9 in Shields
   261 | D        | Reached XP level 7. HP: 60/68 MP: 7/7
   261 | D        | Reached XP level 8. HP: 66/75 MP: 8/8
   262 | D        | Killed a cyclops
   262 | D        | Reached XP level 9. HP: 80/82 MP: 9/9
   263 | D        | Killed a salamander
   263 | D        | Reached *** piety under Makhleb
   263 | D        | Reached skill level 12 in Fighting
   263 | D        | Reached skill level 13 in Axes
   263 | D        | Reached skill level 9 in Armour
   263 | D        | Reached skill level 10 in Shields
   265 | D        | Killed an orc knight
   265 | D        | Reached skill level 13 in Fighting
   282 | D        | Entered arena 4.
   282 | D        | Noticed a deep elf conjurer
   282 | D        | Noticed a deep elf fighter
   282 | D        | Noticed a deep elf fighter
   282 | D        | Noticed a deep elf mage
   288 | D        | Killed a deep elf fighter
   289 | D        | Killed a deep elf fighter
   289 | D        | Reached **** piety under Makhleb
   289 | D        | Reached XP level 10. HP: 92/92 MP: 10/10
   293 | D        | Killed a deep elf mage
   293 | D        | Reached skill level 10 in Armour
   294 | D        | Killed a deep elf conjurer
   294 | D        | Reached skill level 14 in Axes
   294 | D        | Reached skill level 11 in Shields
   300 | D        | Entered arena 5.
   300 | D        | Noticed a wolf
   300 | D        | Noticed a wolf
   300 | D        | Noticed a spriggan
   300 | D        | Noticed a black bear
   300 | D        | Noticed a black bear
   303 | D        | Killed a black bear
   303 | D        | Killed a wolf
   303 | D        | Reached ***** piety under Makhleb
   305 | D        | Killed a black bear
   308 | D        | Killed a wolf
   309 | D        | Killed a spriggan
   309 | D        | Reached skill level 14 in Fighting
   368 | D        | Entered arena 6.
   368 | D        | Noticed a vault guard
   368 | D        | Noticed a centaur warrior
   368 | D        | Noticed a yaktaur
   368 | D        | Noticed an orc knight
   368 | D        | Noticed a boggart
   368 | D        | Noticed a yaktaur
   375 | D        | Killed an orc knight
   376 | D        | Killed a boggart
   380 | D        | HP: 4/95 [yaktaur/arbalest (9)]
   383 | D        | Killed a yaktaur
   384 | D        | Killed a centaur warrior
   384 | D        | Reached skill level 15 in Axes
   384 | D        | Reached skill level 11 in Armour
   384 | D        | Reached skill level 12 in Shields
   387 | D        | Killed a yaktaur
   387 | D        | Reached ****** piety under Makhleb
   387 | D        | Reached XP level 11. HP: 70/101 MP: 11/11
   394 | D        | Killed a vault guard
   394 | D        | Reached skill level 15 in Fighting
   399 | D        | Got the ring "Ixtuqela" {*Contam +Blink rC- rN+ Dex+4}
   402 | D        | Entered arena 7.
   402 | D        | Noticed a merfolk
   402 | D        | Noticed a hippogriff
   402 | D        | Noticed a merfolk
   407 | D        | Killed a hippogriff
   409 | D        | Killed a merfolk
   417 | D        | Killed a merfolk
   525 | D        | Entered arena 8.
   525 | D        | Noticed a quasit
   525 | D        | Noticed a hell hound
   525 | D        | Noticed a hell hound
   526 | D        | Noticed a crimson imp
   529 | D        | Killed a hell hound
   529 | D        | Killed a quasit
   529 | D        | Killed a hell hound
   531 | D        | Killed a crimson imp
   540 | D        | Got the +7 plate armour of Divine Compulsion {Dex+4}
   544 | D        | Entered arena 9.
   544 | D        | Noticed an orc priest
   544 | D        | Noticed an orc priest
   544 | D        | Noticed an orc wizard
   544 | D        | Noticed an orc wizard
   544 | D        | Noticed an orc priest
   544 | D        | Noticed an orc warrior
   544 | D        | Noticed an orc warrior
   548 | D        | Killed an orc warrior
   548 | D        | Killed an orc priest
   548 | D        | Identified a +3 rod of inaccuracy (11/14)
   549 | D        | Killed an orc priest
   549 | D        | Killed an orc wizard
   550 | D        | Killed an orc warrior
   552 | D        | Killed an orc priest
   552 | D        | Killed an orc wizard
   558 | D        | Got the ring of Ihy Pale {Fire rElec rN++ Str-2 Int+4}
   560 | D        | Entered arena 10.
   560 | D        | Noticed a water moccasin
   560 | D        | Noticed a black mamba
   560 | D        | Noticed a water moccasin
   560 | D        | Noticed a water moccasin
   560 | D        | Noticed a water moccasin
   560 | D        | Noticed a water moccasin
   560 | D        | Noticed a naga mage
   563 | D        | Killed a water moccasin
   563 | D        | Reached skill level 12 in Armour
   564 | D        | Killed a water moccasin
   565 | D        | Killed a black mamba
   565 | D        | Reached skill level 16 in Fighting
   565 | D        | Reached skill level 16 in Axes
   565 | D        | Killed a water moccasin
   566 | D        | Killed a water moccasin
   566 | D        | Killed a water moccasin
   566 | D        | Reached skill level 13 in Shields
   573 | D        | Killed a naga mage
   583 | D        | Identified the Incunabulum of Shifting Execration
   585 | D        | Entered arena 11.
   585 | D        | Noticed a soul eater
   585 | D        | Noticed a soul eater
   585 | D        | Noticed a soul eater
   592 | D        | Killed a soul eater
   593 | D        | Killed a soul eater
   594 | D        | Killed a soul eater
   605 | D        | Entered arena 12.
   605 | D        | Noticed a giant orange brain
   605 | D        | Noticed a black mamba
   605 | D        | Noticed a soldier ant
   605 | D        | Noticed a jumping spider
   605 | D        | Noticed a snapping turtle
   606 | D        | Noticed a slime creature
   606 | D        | Noticed a sea snake
   606 | D        | Noticed a yak
   606 | D        | Noticed a shining eye
   606 | D        | Noticed a snapping turtle
   606 | D        | a slime creature changed into a torpor snail
   606 | D        | a sea snake changed into a torpor snail
   606 | D        | a giant orange brain changed into a moth of wrath
   607 | D        | a snapping turtle changed into a merfolk
   608 | D        | Noticed a swamp dragon
   608 | D        | a torpor snail changed into a swamp dragon
   610 | D        | Killed a soldier ant
   610 | D        | Noticed a giant orange brain
   610 | D        | a snapping turtle changed into a giant orange brain
   610 | D        | Noticed a harpy
   610 | D        | a yak changed into a harpy
   611 | D        | Noticed a glowing shapeshifter
   611 | D        | a giant orange brain changed into a glowing shapeshifter
   611 | D        | Noticed a shining eye
   611 | D        | an elephant changed into a shining eye
   612 | D        | Noticed a ghost crab
   612 | D        | a glowing shapeshifter changed into a ghost crab
   612 | D        | Noticed a hornet
   612 | D        | a black mamba changed into a hornet
   613 | D        | Killed a hornet
   613 | D        | Reached skill level 17 in Fighting
   613 | D        | Reached XP level 12. HP: 64/114 MP: 12/12
   613 | D        | a swamp dragon changed into a torpor snail
   614 | D        | a ghost crab changed into a yaktaur
   614 | D        | Gained mutation: You are clumsy. (Dex -2) [a shining eye]
   615 | D        | Killed a black mamba
   615 | D        | Reached skill level 17 in Axes
   615 | D        | Killed a harpy
   616 | D        | Killed a shining eye
   616 | D        | Reached skill level 13 in Armour
   617 | D        | Reached skill level 14 in Shields
   620 | D        | Killed a shining eye
   628 | D        | Killed a jumping spider
   631 | D        | Got the +0 cloak of Dealoqoj {*Confuse rElec rPois Dex+6}
   634 | D        | Got the ring of the Queen {rPois MR- Str+3 Int+6 Dex+3}
   643 | D        | Entered arena 13.
   644 | D        | Noticed a water moccasin
   644 | D        | Noticed a naga mage
   644 | D        | Noticed a greater naga
   644 | D        | Noticed a naga warrior
   645 | D        | Noticed a naga mage
   645 | D        | Noticed a naga mage
   645 | D        | Noticed a naga
   645 | D        | Noticed a water moccasin
   645 | D        | Noticed a black mamba
   645 | D        | Noticed a naga mage
   650 | D        | Killed a water moccasin
   650 | D        | Killed a black mamba
   651 | D        | Killed a naga mage
   653 | D        | Killed a water moccasin
   654 | D        | Killed a naga mage
   654 | D        | Reached skill level 18 in Fighting
   655 | D        | Killed a naga
   657 | D        | Killed a greater naga
   657 | D        | Reached skill level 18 in Axes
   664 | D        | Killed a naga warrior
   666 | D        | Killed a naga mage
   680 | D        | Killed a naga mage
   682 | D        | Got the +7 trident "Tiepelez" {pierce, Dex+8}
   691 | D        | Got the cursed +1 executioner's axe "Gopatra" {chop, rC+ Str-3 Int+8}
   848 | D        | Entered arena 14.
   849 | D        | Noticed an ushabti
   849 | D        | Noticed a flying skull
   849 | D        | Noticed a guardian mummy
   850 | D        | Noticed an anubis guard
   850 | D        | Noticed a guardian mummy
   850 | D        | Noticed a guardian mummy
   850 | D        | Noticed a greater mummy
   852 | D        | Killed a flying skull
   856 | D        | Killed a guardian mummy
   856 | D        | Reached skill level 15 in Shields
   859 | D        | Killed an anubis guard
   859 | D        | Reached skill level 14 in Armour
   859 | D        | Killed an ushabti
   860 | D        | Killed a guardian mummy
   860 | D        | Noticed a soul eater
   865 | D        | Killed a guardian mummy
   865 | D        | Reached XP level 13. HP: 92/124 MP: 13/13
   870 | D        | Killed a greater mummy
   870 | D        | Reached skill level 19 in Fighting
   870 | D        | Reached skill level 19 in Axes
   874 | D        | Got the +2 buckler of Supple Strength {*Drain Str+5 Int+6}
   893 | D        | Got the cursed +1 arbalest "Ixatoul" {venom, +Blink}
   943 | D        | Entered arena 15.
   943 | D        | Noticed a hell hound
   947 | D        | Noticed a crimson imp
   947 | D        | Noticed a wraith
   947 | D        | Noticed a shadow
   947 | D        | Noticed a shadow
   947 | D        | Noticed a necrophage
   947 | D        | Killed a hell hound
   948 | D        | Noticed a hell hound
   948 | D        | Noticed a wraith
   949 | D        | Noticed a red devil
   953 | D        | Killed a hell hound
   953 | D        | Killed a necrophage
   955 | D        | Killed a crimson imp
   956 | D        | Killed a shadow
   956 | D        | Killed a wraith
   959 | D        | Killed a shadow
   959 | D        | Reached skill level 16 in Shields
   967 | D        | Killed a wraith
  1002 | D        | Killed a red devil
  1004 | D        | Got the +4 spear of Trog's Fury {freeze, Dex+5}
  1078 | D        | Entered arena 16.
  1081 | D        | Noticed a shining eye
  1081 | D        | Noticed an eye of devastation
  1081 | D        | Noticed a jelly
  1081 | D        | Noticed a death ooze
  1081 | D        | Noticed a great orb of eyes
  1081 | D        | Noticed a slime creature
  1081 | D        | Noticed a slime creature
  1084 | D        | Noticed a slime creature
  1084 | D        | Noticed a jelly
  1084 | D        | Noticed an azure jelly
  1084 | D        | Noticed a great orb of eyes
  1084 | D        | Noticed a slime creature
  1084 | D        | Noticed an azure jelly
  1088 | D        | Killed a death ooze
  1089 | D        | Killed a great orb of eyes
  1089 | D        | Reached skill level 20 in Fighting
  1089 | D        | Reached skill level 15 in Armour
  1091 | D        | Killed a large slime creature
  1091 | D        | Killed a jelly
  1093 | D        | Killed an azure jelly
  1093 | D        | Killed a shining eye
  1094 | D        | Killed an azure jelly
  1094 | D        | Killed a slime creature
  1094 | D        | Reached skill level 20 in Axes
  1095 | D        | Killed a jelly
  1096 | D        | Killed an eye of devastation
  1096 | D        | Killed a great orb of eyes
  1098 | D        | Killed a slime creature
  1109 | D        | Got the ring "Uluemulu" {+Inv rPois Int+3}
  1115 | D        | Entered arena 17.
  1118 | D        | Noticed a green draconian
  1118 | D        | Noticed a green draconian
  1118 | D        | Noticed a red draconian
  1118 | D        | Noticed a yellow draconian
  1118 | D        | Noticed a white draconian
  1118 | D        | Noticed a yellow draconian
  1118 | D        | Noticed a red draconian
  1118 | D        | Noticed a mottled draconian
  1118 | D        | Noticed a green draconian
  1119 | D        | Noticed a white draconian
  1119 | D        | Noticed a mottled draconian
  1119 | D        | Noticed a red draconian
  1119 | D        | Noticed a yellow draconian
  1119 | D        | Noticed a green draconian
  1119 | D        | Noticed a green draconian
  1119 | D        | Noticed a mottled draconian
  1119 | D        | Noticed a red draconian
  1119 | D        | Noticed a red draconian
  1126 | D        | Killed a red draconian
  1126 | D        | Killed a white draconian
  1126 | D        | Reached XP level 14. HP: 136/136 MP: 14/14
  1126 | D        | Killed a mottled draconian
  1126 | D        | Reached skill level 21 in Fighting
  1126 | D        | Reached skill level 17 in Shields
  1126 | D        | Killed a green draconian
  1128 | D        | Killed a yellow draconian
  1130 | D        | Killed a red draconian
  1130 | D        | Reached skill level 16 in Armour
  1130 | D        | Killed a yellow draconian
  1131 | D        | Killed a white draconian
  1132 | D        | Killed a yellow draconian
  1132 | D        | Killed a red draconian
  1132 | D        | Reached skill level 21 in Axes
  1134 | D        | Killed a green draconian
  1134 | D        | Killed a green draconian
  1135 | D        | Killed a green draconian
  1135 | D        | Reached skill level 22 in Fighting
  1135 | D        | Killed a mottled draconian
  1135 | D        | Killed a red draconian
  1135 | D        | Reached skill level 18 in Shields
  1139 | D        | Killed a green draconian
  1141 | D        | Killed a mottled draconian
  1155 | D        | Killed a red draconian
  1158 | D        | Got the ring "Koshynia" {+Blink AC+1 Str-2 Dex+8 Slay+3}
  1166 | D        | Entered arena 18.
  1169 | D        | Noticed an ice beast
  1169 | D        | Noticed a soul eater
  1169 | D        | Noticed an ice beast
  1169 | D        | Noticed a freezing wraith
  1170 | D        | Noticed an ice devil
  1170 | D        | Noticed an ice beast
  1170 | D        | Noticed an ice beast
  1170 | D        | Noticed a tormentor
  1170 | D        | Noticed a wraith
  1170 | D        | Noticed a shadow
  1176 | D        | Killed a tormentor
  1177 | D        | Killed a soul eater
  1177 | D        | Reached skill level 1 in Evocations
  1177 | D        | Killed an ice beast
  1177 | D        | Reached skill level 2 in Evocations
  1179 | D        | Killed an ice devil
  1179 | D        | Reached skill level 17 in Armour
  1179 | D        | Killed a freezing wraith
  1179 | D        | Reached skill level 3 in Evocations
  1180 | D        | Killed a shadow
  1181 | D        | Killed an ice beast
  1183 | D        | Killed an ice beast
  1185 | D        | Killed an ice beast
  1186 | D        | Killed a wraith
  1201 | D        | Got the +7 lajatang of Darkness {slice, Dex+6}
  1266 | D        | Entered arena 19.
  1266 | D        | Noticed a hell hound
  1267 | D        | Noticed a hell hound
  1268 | D        | Noticed a hell hound
  1268 | D        | Noticed a hell hound
  1269 | D        | Killed a hell hound
  1270 | D        | Noticed a hell hog
  1272 | D        | Noticed a hell hog
  1272 | D        | Noticed a fire elemental
  1272 | D        | Noticed a hell hound
  1272 | D        | Noticed an efreet
  1273 | D        | Noticed a fire giant
  1273 | D        | Noticed an efreet
  1273 | D        | Noticed a fire dragon
  1273 | D        | Noticed an efreet
  1273 | D        | Noticed an efreet
  1273 | D        | Killed a hell hound
  1273 | D        | Killed a hell hound
  1274 | D        | Noticed a fire drake
  1274 | D        | Killed a hell hound
  1275 | D        | Noticed a hell hound
  1275 | D        | Noticed an efreet
  1275 | D        | Noticed an efreet
  1276 | D        | Noticed a hell hog
  1276 | D        | Killed a hell hog
  1276 | D        | Reached skill level 4 in Evocations
  1277 | D        | Killed a hell hog
  1278 | D        | Noticed a fire drake
  1279 | D        | Killed a hell hound
  1279 | D        | Reached skill level 22 in Axes
  1279 | D        | Killed a fire elemental
  1280 | D        | Killed an efreet
  1282 | D        | Killed a hell hog
  1282 | D        | Reached XP level 15. HP: 148/148 MP: 16/18
  1282 | D        | Killed an efreet
  1283 | D        | Killed a fire dragon
  1283 | D        | Reached skill level 5 in Evocations
  1284 | D        | Killed an efreet
  1285 | D        | Killed an efreet
  1285 | D        | Reached skill level 23 in Fighting
  1285 | D        | Killed a fire drake
  1287 | D        | Killed a hell hound
  1288 | D        | Killed a fire drake
  1289 | D        | Killed a fire giant
  1289 | D        | Reached skill level 6 in Evocations
  1291 | D        | Killed an efreet
  1291 | D        | Killed an efreet
  1314 | D        | Got the ring "Eryviomy" {rElec MR+ SInv}
  1433 | D        | Entered arena 20.
  1437 | D        | Noticed Joseph
  1437 | D        | Noticed Wiglaf
  1438 | D        | Noticed Donald
  1438 | D        | Noticed the Enchantress
  1438 | D        | Noticed Prince Ribbit
  1438 | D        | Noticed the Serpent of Hell
  1438 | D        | Noticed Grinder
  1438 | D        | Noticed Murray
  1438 | D        | Noticed Blork the orc
  1438 | D        | Noticed the royal jelly
  1438 | D        | Noticed Antaeus
  1438 | D        | Noticed Nessos
  1438 | D        | Noticed Mara
  1438 | D        | Noticed Kirke
  1438 | D        | Noticed Ijyb
  1438 | D        | Noticed the iron giant
  1438 | D        | Noticed Josephine
  1440 | D        | Noticed Psyche
  1441 | D        | Noticed Gloorx Vloq
  1441 | D        | Noticed Gastronok
  1441 | D        | Noticed Azrael
  1442 | D        | Noticed a storm dragon
  1443 | D        | Noticed an azure jelly
  1443 | D        | Noticed an acid blob
  1444 | D        | Killed the Enchantress
  1444 | D        | Reached skill level 7 in Evocations
  1444 | D        | Noticed an acid blob
  1445 | D        | Noticed a storm dragon
  1445 | D        | Noticed an azure jelly
  1446 | D        | Noticed an acid blob
  1446 | D        | Noticed an acid blob
  1446 | D        | Noticed an acid blob
  1446 | D        | Killed an acid blob
  1446 | D        | Killed Prince Ribbit
  1446 | D        | Noticed an azure jelly
  1446 | D        | Noticed an acid blob
  1446 | D        | Noticed an acid blob
  1447 | D        | Noticed an acid blob
  1447 | D        | Killed an acid blob
  1448 | D        | Noticed an acid blob
  1448 | D        | Noticed an azure jelly
  1449 | D        | Noticed a storm dragon
  1449 | D        | Killed the royal jelly
  1449 | D        | Reached skill level 19 in Shields
  1449 | D        | Reached skill level 8 in Evocations
  1449 | D        | Killed an azure jelly
  1449 | D        | Killed an acid blob
  1449 | D        | Killed an azure jelly
  1450 | D        | Killed an acid blob
  1451 | D        | Killed an acid blob
  1452 | D        | Killed an acid blob
  1453 | D        | Killed an acid blob
  1453 | D        | Killed Josephine
  1454 | D        | Killed Wiglaf
  1454 | D        | HP: 3/150 [death ooze[the royal jelly] (17)]
  1454 | D        | Killed from afar by Gastronok

Table legend:
 A = Turns spent in this place as a percentage of turns spent in the entire game.
 B = Non-inter-level travel turns spent in this place as a percentage of non-inter-level travel turns spent in the entire game.
 C = Inter-level travel turns spent in this place as a percentage of turns spent in this place.
 D = Turns resting spent in this place as a percentage of non-inter-level travel turns spent in this place.
 E = Turns spent auto-exploring this place as a percentage of non-inter-level travel turns spent in this place.
 F = Non-inter-level travel turns spent in this place divided by the number of levels of this place that you've seen.
                   A       B       C       D       E      F
               +-------+-------+-------+-------+-------+----------------------
         Total | 100.0 | 100.0 |   0.0 |   2.3 |   0.0 | 1047.0
       Dungeon | 100.0 | 100.0 |   0.0 |   2.3 |   0.0 | 1047.0
               +-------+-------+-------+-------+-------+----------------------

Table legend:
 A = Kills in this place as a percentage of kills in entire the game.
 B = Kills by you in this place as a percentage of kills by you in the entire game.
 C = Kills by friends in this place as a percentage of kills by friends in the entire game.
 D = Other kills in this place as a percentage of other kills in the entire game.
 E = Experience gained in this place as a percentage of experience gained in the entire game.
 F = Experience gained in this place divided by the number of levels of this place that you have seen.
                   A       B       C       D       E      F
               +-------+-------+-------+-------+-------+----------------------
         Total | 100.0 | 100.0 |  -nan | 100.0 | 100.0 | 86769.0
       Dungeon | 100.0 | 100.0 |  -nan | 100.0 | 100.0 | 86769.0
               +-------+-------+-------+-------+-------+----------------------

Vanquished Creatures
  the royal jelly (D)
  A greater mummy (D)
  the Enchantress (D)
  7 acid blobs (D)
  4 azure jellies (D)
  A greater naga (D)
  Wiglaf (D)
  A fire giant (D)
  An ironheart preserver (D)
  5 green draconians (D)
  3 yellow draconians (D)
  5 red draconians (D)
  3 mottled draconians (D)
  2 white draconians (D)
  4 death oozes (D)
  A fire dragon (D)
  Josephine (D)
  2 great orbs of eyes (D)
  A vault guard (D)
  A naga warrior (D)
  A centaur warrior (D)
  4 soul eaters (D)
  3 hell hogs (D)
  An ice devil (D)
  A hill giant (shapeshifter) (D)
  2 orc knights (D)
  An anubis guard (D)
  A harpy (shapeshifter) (D)
  A cyclops (D)
  A deep elf conjurer (D)
  2 shining eyes (D)
  A shining eye (shapeshifter) (D)
  A salamander (shapeshifter) (D)
  A hornet (shapeshifter) (D)
  3 slime creatures (D)
  5 naga magi (D)
  A black mamba (shapeshifter) (D)
  A moth of wrath (shapeshifter) (D)
  A black mamba (D)
  A torpor snail (shapeshifter) (D)
  An eye of devastation (D)
  A tormentor (D)
  2 yaktaurs (D)
  6 efreet (D)
  A yaktaur (shapeshifter) (D)
  2 fire drakes (D)
  A freezing wraith (D)
  A red devil (D)
  3 guardian mummies (D)
  2 merfolk (D)
  Prince Ribbit (D)
  A jumping spider (shapeshifter) (D)
  An ushabti (D)
  A spriggan (D)
  A flying skull (D)
  3 wraiths (D)
  A fire elemental (D)
  3 shadows (D)
  A deep elf mage (D)
  A hippogriff (D)
  2 deep elf fighters (D)
  A naga (D)
  9 water moccasins (D)
  A soldier ant (shapeshifter) (D)
  2 wolves (D)
  10 hell hounds (D)
  2 orc warriors (D)
  4 ice beasts (D)
  2 black bears (D)
  A boggart (D)
  A necrophage (D)
  2 crimson imps (D)
  2 jellies (D)
  A quasit (D)
  3 orc priests (D)
  2 orc wizards (D)
  3 sheep (D)
  3 mummies (D)
  2 adders (D)
  2 shadow imps (D)
  A white imp (D)
  A giant eyeball (D)
  An ooze (D)
  2 ufetubi (D)
  3 adder skeletons (D)
  An adder zombie (D)
  An orc (D)
  A spectral bat (D)
  2 bat skeletons (D)
  6 bat zombies (D)
  3 ball pythons (D)
  A ball python skeleton (D)
  A ball python zombie (D)
  2 giant cockroach zombies (D)
  A giant gecko skeleton (D)
  A giant gecko zombie (D)
  A jackal zombie (D)
  A quokka zombie (D)
  A spectral ball python (D)
  A fire vortex (D)
200 creatures vanquished.

Vanquished Creatures (others)
  A black mamba (D)
  A mummy (D)
  A bat zombie (D)
  A fire vortex (D)
  A lurking horror (D)
5 creatures vanquished.

Grand Total: 205 creatures vanquished
